 BcadrenCrawl: Boulder Brew version 0.04 (webtiles) character file.

Game seed: 4855374057540942784, levelgen mode: deterministic

5611 Chiseanne the Nimble (level 11, -8/81 HPs) Goblin Demonspawn. Began on Mar 20, 2021. Was an Initiate of Gozag Ym Sagoz. Mangled by a guardian mummy ... wielding a cursed +1 mace of chaos {(Curse: Fragile)} (9 damage) ... on level 5 of the Dungeon. The game lasted 00:24:35 (6006 turns).

Chiseanne the Nimble (Goblin Demonspawn)            Turns: 6006, Time: 00:24:36

Health: -8/81      AC: 12    Str: 13    XL:     11 ^: 7432
Magic:  11/11      EV: 23    Int:  6    God:    Gozag Ym Sagoz
Gold:   1090       SH:  0    Dex: 11    Spells: 11/12 levels left

rFire    + . .     Vision   .   a - +3 short sword (venom)
rCold    . . .     Gourm    .   s - +3 dagger (elec)
rNeg     . . .     Faith    .   C - +3 ring mail
rPois    .         Spirit   .   (helmet restricted)
rElec    .         Reflect  .   (no cloak)
rCorr    +         Harm     .   (no gloves)
MR       .....                  (no boots)
Stlth    ++........             n - amulet of magic regeneration
HPRegen  0.37/turn              f - ring of resist corrosion
MPRegen  0.46/turn              (no ring)

@: mighty, agile, lethally poisoned (-8 -> -8), slowed, very slow
A: small, stagnant stats, goblin's greed, horns 1, molten scales 2, fire
resistance 1, low mp 1, mutation resistance 1, powered by pain 1, MP-powered
wands, god's pity 2
a: Potion Petition, Call Merchant, Bribe Branch, Renounce Religion


You were on level 5 of the Dungeon.
You worshipped Gozag Ym Sagoz.
Gozag Ym Sagoz was most pleased with you.
You were not hungry.

You visited 1 branch of the dungeon, and saw 5 of its levels.

You collected 1827 gold pieces.
You spent 399 gold pieces at shops.
You paid 705 gold pieces to Gozag.

Inventory:

Weapons
 a - a +3 short sword of venom (weapon)
 d - a +2 scimitar of molten steel
 h - a cursed +2 long sword of freezing {(Curse: *Slow)}
 m - the cursed +11 mace of the Black Skies {distort, rN+, (Curse: rF-)}
   (You took it off a gnoll on level 5 of the Dungeon)

   It warps and distorts space around it.
   Unwielding it can cause banishment or high damage.
   It protects you from negative energy.
   It has a curse placed upon it.
   { (Curse: rF-)}
 s - a +3 dagger of electrocution (weapon)
 w - a +0 hunting sling
Armour
 x - a +1 robe of cold resistance
 C - a +3 ring mail (worn)
Jewellery
 f - a ring of resist corrosion (left hand)
 n - an amulet of magic regeneration (around neck)
 A - an uncursed ring of ice
Wands
 j - a wand of polymorph (2)
 l - a wand of disintegration (1)
 B - a wand of iceblast (4)
Scrolls
 g - 2 scrolls of fog
 i - 3 scrolls of amnesia
 r - 4 scrolls of magic mapping
 t - 3 scrolls of teleportation
 v - 2 scrolls of summoning
 y - a scroll of fear
 z - 4 scrolls of blinking
Potions
 c - a potion of mutation
 e - a potion of lignification
 k - a potion of cure mutation
 o - 2 potions of cancellation
 u - 4 potions of curing
Miscellaneous
 p - a lamp of fire
Comestibles
 b - 29 rations


   Skills:
 * Level 10.0 Fighting
 * Level 9.9(10.1) Short Blades
 - Level 2.6(6.9) Long Blades
 * Level 7.1 Armour
 * Level 10.7 Dodging
 - Level 2.6 Stealth
 - Level 1.3 Spellcasting
 - Level 2.6 Fire Magic
   Level 4.0 Invocations


You had 11 spell levels left.
You knew the following spells:

 Your Spells              Type           Power        Failure   Level  Hunger
a - Flame Tongue          Fire           3 (30)       21%         1    ##.....

Your spell library contained the following spells:

 Spells                   Type           Power        Failure   Level  Hunger
 Poisonous Vapours        Pois/Air       0 (50)       52%         1    ##.....
 Conjure Flame            Fire           3 (100)      52%         3    ####...
 Blink                    Tloc           N/A          65%         2    ###....
 Call Imp                 Summ           0 (100)      65%         2    ###....
 Slow                     Hex            0 (100)      65%         2    ###....
 Sting                    Pois           0 (25)       65%         2    ###....
 Ignite Poison            Fire/Tmut      2 (100)      71%         3    ####...
 Mephitic Cloud           Pois/Air       0 (100)      87%         3    ####...
 Leda's Liquefaction      Tmut/Erth      0 (200)      99%         4    #####..
 Olgreb's Toxic Radiance  Pois           0 (100)      99%         4    #####..
 Bolt of Magma            Fire/Erth      2 (200)      100%        5    ######.
 Iron Shot                Erth           0 (200)      100%        6    #######
 Statue Form              Tmut/Erth      0 (150)      100%        6    #######
 Tunneling                Erth           0 (200)      100%        6    #######
 Shatter                  Erth           0 (200)      100%        9    #######


Dungeon Overview and Level Annotations

Branches:
Dungeon (5/8)              Temple (0/1) D:4            Lair (0/6) D:5

Altars:
Ashenzari
Dithmenos
Gozag Ym Sagoz
Zin
The Shining One

Shops:
D:4 ?

Annotations:
D:5 1 exclusion


Innate Abilities, Weirdness & Mutations

Your stats never grow through leveling.
Your goblin ancestry allows you to find more gold. (+20%)
You are small and have problems with some larger weapons.
You have a pair of small horns on your head.
You are mostly covered in molten scales. (AC +3)
You are heat resistant. (rF+)
Your magical capacity is low. (-10% MP)
You are somewhat resistant to further mutation.
You sometimes gain a little power by taking damage.
The pity of the gods increases the power of your passive and invoked divine abilities.
You expend magic power (3 MP) to strengthen your wands.


Message History

You are poisoned.
The guardian mummy hits you with a +0 nunchaku (28)!!
You feel much better.
You feel sick. (1)
The guardian mummy hits you with a cursed +1 mace of chaos {(Curse: Fragile)} (21)!!
You feel yourself slow down.
The guardian mummy hits you with a +0 nunchaku (15)!
* * * LOW HITPOINT WARNING * * *
You feel sick. (2)
You feel sick. (1)
You feel sick. (1)
You feel sick. (1)
You feel sick. (1)
The guardian mummy hits you with a cursed +1 mace of chaos {(Curse: Fragile)} (13)!
* * * LOW HITPOINT WARNING * * *
You focus on the pain.
You feel very mighty all of a sudden.
You convulse (9)!
You die...
Your body crumbles into a pile of gold.

#...##........# ##.......#
#...##......#.## ######..####
#..............####### #.....##
#...........#........####.###..##
#...##...)..#.######...##........
#...###.#.[.#..## ###...........
##### #.#.#.##..## ############
#.#.#...#.M## # ##.#.###..#@.# #
#..#..###.##<###
#.#....##......######
#.#....######.......###
#.#....#########.##...######
#.#.........................
#.#....##.######.######...##
#.#.....#.....##..## ###.##
#.#.....#####......# #...


You could see a guardian mummy.

Vanquished Creatures
  Erica (D:4)
  A troll (D:5)
  A hippogriff (D:5)
  A slime creature (D:2)
  A water moccasin (D:5)
  2 orc warriors (D:5)
  2 scorpions (D:5)
  2 porcupines
  An ice beast (D:5)
  An eye of draining (D:5)
  6 sky beasts
  5 ogres
  7 big kobolds
  A gnoll sergeant (D:4)
  4 bullfrogs
  2 centaurs (D:5)
  2 quasits (D:4)
  A crimson imp (D:3)
  4 jellies
  6 orc priests
  A hound (D:4)
  7 orc wizards
  A gnoll shaman (D:5)
  11 worker ants
  2 wyvern skeletons (D:5)
  A water moccasin skeleton (D:4)
  7 giant cockroaches
  A bullfrog zombie (D:5)
  10 gnolls
  8 bullfrog skeletons
  7 adders
  A porcupine skeleton (D:5)
  13 sewer rats (D:2)
  3 worms
  7 cinder newts
  A howler monkey zombie (D:5)
  A worker ant zombie (D:5)
  4 hound skeletons
  2 oozes (D:2)
  11 leopard geckos
  27 orcs
  3 adder skeletons
  4 ball pythons (D:2)
  4 goblins (D:1)
  5 hobgoblins (D:1)
  8 jackals
  7 quokkas
  9 bats
  A hobgoblin skeleton (D:2)
  23 kobolds
  A kobold skeleton (D:2)
  A leopard gecko zombie (D:5)
  7 rats
  2 butterflies
  A fungus (D:5)
  6 withered plants (D:2)
259 creatures vanquished.

Vanquished Creatures (others)
  A kobold (D:2)
  4 fungi (D:5)
  10 plants (D:5)
  2 slimeheads (D:2)
  128 withered plants (D:2)
145 creatures vanquished.

Grand Total: 404 creatures vanquished

Notes
Turn   | Place    | Note
-------+----------+-------------------------------------------
     0 | D:1      | Chiseanne the Goblin Demonspawn began the quest for the
                  | Orb.
     0 | D:1      | Reached XP level 1. HP: 13/13 MP: 2/2
   209 | D:1      | Gained mutation: You sometimes gain a little power by
                  | taking damage. [demonic ancestry]
   209 | D:1      | Reached XP level 2. HP: 19/19 MP: 3/3
   217 | D:1      | Reached skill level 1 in Short Blades
   254 | D:1      | Reached XP level 3. HP: 19/25 MP: 4/4
   615 | D:1      | Reached XP level 4. HP: 30/30 MP: 5/5
   776 | D:1      | Reached skill level 5 in Dodging
   778 | D:1      | Reached XP level 5. HP: 36/36 MP: 6/6
  1064 | D:2      | Gained mutation: You are partially covered in molten
                  | scales. (AC +2) [demonic ancestry]
  1064 | D:2      | Reached XP level 6. HP: 42/43 MP: 7/7
  1207 | D:2      | Found a shadowy altar of Dithmenos.
  1353 | D:2      | Identified the cursed amulet "Fonimm" {-Vis rF+ rC- Int+4
                  | Dex+4, (Curse: Fragile)}
  1475 | D:2      | Found a glowing silver altar of Zin.
  1515 | D:2      | Gained mutation: You have a pair of small horns on your
                  | head. [demonic ancestry]
  1515 | D:2      | Reached XP level 7. HP: 49/49 MP: 8/8
  1615 | D:2      | Reached skill level 5 in Fighting
  1628 | D:2      | Noticed a slime creature
  1638 | D:2      | Killed a slime creature
  1638 | D:2      | Reached skill level 5 in Short Blades
  1834 | D:2      | Gained mutation: You are mostly covered in molten scales.
                  | (AC +3) [demonic ancestry]
  1834 | D:2      | Reached XP level 8. HP: 51/57 MP: 8/8
  1900 | D:2      | Found a shattered altar of Ashenzari.
  1900 | D:2      | Found an opulent altar of Gozag.
  1936 | D:2      | Became a worshipper of Gozag Ym Sagoz the Greedy
  2212 | D:3      | Found a glowing golden altar of the Shining One.
  2519 | D:3      | Reached skill level 1 in Armour
  2519 | D:3      | Reached XP level 9. HP: 57/64 MP: 9/9
  3204 | D:4      | Noticed Erica
  3206 | D:4      | Gained mutation: You expend magic power (3 MP) to
                  | strengthen your wands. [potion of mutation]
  3240 | D:4      | Killed Erica
  3746 | D:4      | Found a staircase to the Ecumenical Temple.
  3865 | D:4      | Gained mutation: You are heat resistant. (rF+) [demonic
                  | ancestry]
  3865 | D:4      | Reached XP level 10. HP: 62/73 MP: 10/10
  4053 | D:4      | Reached skill level 5 in Armour
  4262 | D:4      | Bought a scroll of fear for 49 gold pieces
  4262 | D:4      | Bought a scroll of blinking for 105 gold pieces
  4262 | D:4      | Bought a scroll of enchantment for 105 gold pieces
  4262 | D:4      | Bought a scroll of teleportation for 42 gold pieces
  4262 | D:4      | Bought a scroll of attention for 49 gold pieces
  4262 | D:4      | Bought a scroll of magic mapping for 49 gold pieces
  4279 | D:5      | Entered Level 5 of the Dungeon
  4415 | D:5      | Reached skill level 10 in Dodging
  5047 | D:5      | Found a staircase to the Lair.
  5086 | D:5      | HP: 2/76 [orc warrior/+1 scimitar of holy wrath (8)]
  5710 | D:5      | Reached skill level 10 in Fighting
  5810 | D:5      | Reached XP level 11. HP: 81/81 MP: 11/11
  5826 | D:5      | Identified the cursed +11 mace of the Black Skies {distort,
                  | rN+, (Curse: rF-)}
  6006 | D:5      | HP: 1/81 [guardian mummy/cursed +1 mace of chaos {(Curse:
                  | Fragile)} (13)]
  6006 | D:5      | Mangled by a guardian mummy

Levels and vault maps discovered:
D:1:      ncdulo_watergridlock, layout_basic, gup_sewer_entry_pipe
D:2:      layout_sewer, zin_academy, nicolae_dithmenos_through_a_glass_darkly,
          chequers_temple_overflow_statue_of_worship, elyvilon_niche
D:3:      layout_loops_ring, first_ration, basic_altar
D:4:      layout_roguey, minmay_temple_entry_mist, bcadren_nooodl_food_pyramid,
          uniq_erica
D:5:      layout_rooms, dpeg_oklobed_lair, enter_ossuary_2, ossuary_tomb_1

Skill      XL: |  1  2  3  4  5  6  7  8  9 10 |
---------------+-------------------------------+-----
Short Blades   | 1 2 3 4 5 6 8 9 |  9.9
Fighting       | 2 3 4 5 7 8 10 | 10.0
Dodging        | 5 6 7 8 9 10 | 10.7
Armour         | 1 4 7 |  7.1
Long Blades    | |  2.6
Stealth        | |  2.6
Spellcasting   | |  1.3
Fire Magic     | |  2.6
Invocations    | |  4.0

Action                   |  1- 3 |  4- 6 |  7- 9 | 10-12 || total
-------------------------+-------+-------+-------+-------++-------
Melee: Long sword        |    26 |       |       |       ||    26
       Short sword       |    53 |   139 |   426 |   203 ||   821
       Unarmed           |     5 |       |       |       ||     5
       Headbutt          |       |       |    21 |     6 ||    27
       Dagger            |       |       |       |   123 ||   123
Invok: Call Merchant     |       |       |       |     1 ||     1
  Use: Scroll            |       |       |     3 |     1 ||     4
       Potion            |       |       |     1 |     3 ||     4
 Stab: Sleeping          |     1 |     1 |       |       ||     2
       Distracted        |       |       |       |     3 ||     3
  Eat: Chunk             |       |     3 |     3 |       ||     6
       Ration            |       |       |     2 |     2 ||     4
Armor: Leather armour    |    14 |     7 |    18 |       ||    39
       Scale mail        |       |       |    19 |    52 ||    71
       Ring mail         |       |       |       |    12 ||    12
Dodge: Dodged            |    74 |    90 |   131 |    70 ||   365
       Rpst.: Long sword |    17 |       |       |       ||    17
